 Dungeon Crawl Stone Soup version 0.19-a0-905-ge5e6a15 (webtiles) character file.

180274 Lessnames the Fencer (level 17, -8/140 HPs)
             Began as a Demigod Fighter on July 5, 2016.
             Mangled by a tentacled starspawn (30 damage)
             ... on level 2 of the Abyss.
             The game lasted 02:05:41 (33595 turns).

Lessnames the Fencer (Demigod Fighter)             Turns: 33595, Time: 02:05:42

Health: -8/140     AC: 22    Str: 28    XL:     17   Next: 7%
Magic:  28/28      EV: 27    Int: 22    God:
Gold:   1218       SH: 12    Dex: 32    Spells: 6 memorised, 11 levels left

rFire  + + +     SeeInvis +     P - +6 scimitar of Bogole {flame, *Rage Int+5}
rCold  . . .     Gourm    .     E - +3 ring mail of the Doldrums {rF+ Str+3}
rNeg   . . .     Faith    .     h - +0 shield {AC+3}
rPois  .         Spirit   .     y - +2 helmet {SInv}
rElec  .         Dismiss  .     M - +1 cloak
rCorr  +         Reflect  .     q - +2 pair of gloves of Zodudygg {rF+ Int+3}
SustAt +         Harm     .     U - +0 pair of boots
MR     ++...     Rnd*Rage +     X - amulet "Jeyrufin" {Regen+ Dex+4}
Stlth  ++........               F - ring "Rigast" {rCorr Dex+3}
                                V - +5 ring of evasion

@: exhausted, about to teleport, slowed, very slow, very resistant to hostile
enchantments, unstealthy
A: hooves 1, thin metallic scales 1, agile 2, berserk 1, clever 1, deformed
body, fire resistance 2, frail 1, high mp 1, magic resistance 1, strong 1,
evolution 1, sustain attributes
a: no special abilities


You were on level 2 of the Abyss.
You were very hungry.

You visited 4 branches of the dungeon, and saw 26 of its levels.
You visited the Abyss 1 time.
You also visited: Labyrinth and Ossuary.

You collected 4001 gold pieces.
You spent 2783 gold pieces at shops.

Inventory:

Hand Weapons
 O - a +3 double sword
 P - the +6 scimitar of Bogole (weapon) {flame, *Rage Int+5}
   (You bought it in a shop on level 2 of the Orcish Mines)

   It has been specially enchanted to burn those struck by it, causing extra
   injury to most foes and up to half again as much damage against particularly
   susceptible opponents.
   Big, fiery blades are also staple armaments of hydra-hunters.
   It affects your intelligence (+5).
   It may make you go berserk in combat.
Missiles
 B - 2 throwing nets (quivered)
Armour
 h - a +0 shield of protection (worn)
 q - the +2 pair of gloves of Zodudygg (worn) {rF+ Int+3}
   (You found it on level 14 of the Dungeon)

   It affects your intelligence (+3).
   It protects you from fire.
 y - a +2 helmet of see invisible (worn)
 E - the +3 ring mail of the Doldrums (worn) {rF+ Str+3}
   (You bought it in a shop on level 4 of the Dungeon)

   It affects your strength (+3).
   It protects you from fire.
 M - a +1 cloak (worn)
 S - the +9 plate armour of the Hunter {MR- rCorr Int+3}
   (You found it on level 6 of the Lair of Beasts)

   It affects your intelligence (+3).
   It affects your resistance to hostile enchantments.
   It protects you from acid and corrosion.
 U - a +0 pair of boots (worn)
 Y - an ice dragon hide
Jewellery
 A - an uncursed ring of wizardry
 F - the ring "Rigast" (right hand) {rCorr Dex+3}
   (You found it on level 12 of the Dungeon)

   [ring of resist corrosion]

   It affects your dexterity (+3).
 J - an uncursed ring of protection from fire
 Q - a +4 ring of protection {unknown}
 V - a +5 ring of evasion (left hand)
 W - the amulet of the Princess {Spirit Int+4 Slay+3 SInv Stlth-}
   (You found it on level 1 of the Elven Halls)

   [amulet of guardian spirit]

   It causes incoming damage to be split between your health and magic.
   It affects your intelligence (+4).
   It affects your accuracy and damage with ranged weapons and melee attacks
   (+3).
   It lets you see invisible.
   It makes you less stealthy.
 X - the amulet "Jeyrufin" (around neck) {Regen+ Dex+4}
   (You found it in a labyrinth)

   [amulet of regeneration]

   It affects your dexterity (+4).
   It increases your rate of regeneration.
Wands
 c - a wand of confusion (43/48)
 r - a wand of iceblast (0/15)
 L - a wand of teleportation (3/9)
Scrolls
 b - a scroll of holy word
 e - 9 scrolls of enchant armour
 g - 2 scrolls of identify
 j - 7 scrolls of teleportation
 k - 6 scrolls of recharging
 l - 2 scrolls of blinking
 m - 3 scrolls of magic mapping
 s - a scroll of summoning
 t - 14 scrolls of remove curse
 u - 4 scrolls of amnesia
 C - 3 scrolls of enchant weapon
 K - 4 scrolls of fog
Potions
 a - 2 potions of beneficial mutation
 d - 3 potions of might
 i - 6 potions of brilliance
 n - 9 potions of curing
 o - 4 potions of flight
 v - 3 potions of agility
 x - a potion of invisibility
 z - 2 potions of haste
 G - 4 potions of magic
 H - 4 potions of heal wounds
 N - 3 potions of cancellation
 T - 2 potions of resistance
Books
 Z - a book of Power

   Spells                             Type                      Level
   a - Fulminant Prism                Conjuration/Hexes            4
   b - Iskenderun's Mystic Blast      Conjuration                  4
   c - Venom Bolt                     Conjuration/Poison           5
   d - Bolt of Magma                  Conjuration/Fire/Earth       5
   e - Iron Shot                      Conjuration/Earth            6
   f - Orb of Destruction             Conjuration                  7
   g - Spellforged Servitor           Conjuration/Summoning        7
Miscellaneous
 R - a phantom mirror
Comestibles
 f - 16 bread rations
 p - 9 meat rations
 w - 13 beef jerkies
 D - 3 slices of pizza


   Skills:
 - Level 15.4 Fighting
 - Level 18.4 Long Blades
 - Level 8.2 Armour
 - Level 11.1 Dodging
 - Level 4.3 Shields
 + Level 4.6 Spellcasting
 + Level 4.8 Charms
 + Level 4.8 Necromancy
 - Level 4.2 Translocations


You had 11 spell levels left.
You knew the following spells:

 Your Spells              Type           Power        Failure   Level  Hunger
a - Summon Butterflies    Summ           #.......     65%         1    None
b - Apportation           Tloc           ###.......   12%         1    None
c - Blink                 Tloc           N/A          17%         2    None
d - Warp Weapon           Chrm/Tloc      ####......   100%        5    #####..
e - Song of Slaying       Chrm           ####....     12%         2    None
f - Regeneration          Chrm/Necr      ####......   24%         3    ##.....


Dungeon Overview and Level Annotations

Branches:
Dungeon (15/15)            Temple (0/1) D:4            Lair (6/6) D:9
  Swamp (0/4) Lair:4        Snake (0/4) Lair:2        Slime (0/5) Lair:5
    Orc (2/2) D:12            Elf (3/3) Orc:2        Vaults (0/5) D:13
 Depths (0/5) D:15

Shops:
D:4 [   D:5 =   D:9 (   D:11 *   D:15 *   Orc:2 [*:(   Elf:1 [   Elf:3 [

Annotations:
D:6 exclusions: centaur and 4 more exclusions


Innate Abilities, Weirdness & Mutations

You have an increased reservoir of magic. (+10% MP)
Your attributes are resistant to harm.
You have large cloven feet.
You are partially covered in thin metallic scales. (AC +2)
You are very agile. (Dex +4)
You tend to lose your temper in combat.
Your mind is acute. (Int +2)
Armour fits poorly on your strangely shaped body.
Your flesh is very heat resistant. (rF++)
You are frail. (-10% HP)
You are resistant to hostile enchantments. (MR+)
Your muscles are strong. (Str +2)
You evolve.


Message History

You block the starspawn tentacle's attack.
The tentacled starspawn misses you. x2
Unknown command.
You barely miss the tentacled starspawn.
The tentacled starspawn is severely damaged.
The starspawn tentacle barely misses you.
You riposte.
You slice the starspawn tentacle!! You burn the starspawn tentacle.
The starspawn tentacle is almost destroyed.
The thrashing horror barely misses you.
You riposte.
You slash the thrashing horror! You burn the thrashing horror.
The thrashing horror is heavily damaged.
You block the thrashing horror's attack.
The red very ugly thing basks in the mutagenic energy from its kin and changes!
You block the purple very ugly thing's attack.
The purple very ugly thing gores you!
* * * LOW HITPOINT WARNING * * *
The red very ugly thing basks in the mutagenic energy from its kin and changes!
The tentacled starspawn bites you!!
You die... .. ..#. #### ...#... # . ..#.#.#> #.# ....>. ##...###..§# ##..u....## #uuuX.#

# ##uu@##
.#######wX# #
# .##w§.
###..##..#..#
##.#. ..##.#
# .#.. ..#
... . #..## #
..# # #. #
#... . . .
.#.


You could see 4 very ugly things, a tentacled starspawn, 2 ugly things, a
thrashing horror and 2 starspawn tentacles.

Vanquished Creatures
  Rupert (Lair:6)
  2 deep elf master archers (Elf:3)
  Gastronok (Lair:2)
  2 tentacled starspawn (Abyss:2)
  5 deep elf sorcerers
  Maud (D:13)
  3 orc warlords
  A deep elf elementalist (Elf:3)
  5 deep elf demonologists
  3 deep elf annihilators (Elf:3)
  The ghost of murphy the Markself, a journeyman HESk of Okawaru (D:14)
  2 deep elf death magi (Elf:3)
  A minotaur (Lab)
  6 deep elf high priests
  2 ice dragons (D:15)
  8 hydras
  3 catoblepae (Lair:6)
  A death knight (D:14)
  30 dancing weapons
  13 death yaks (Lair:6)
  A tengu warrior (D:14)
  2 orc high priests (Orc:2)
  Urug (D:15)
  12 deep elf knights
  Nergalle (Orc:1)
  5 skeletal warriors (D:14)
  2 starcursed masses (Abyss:2)
  An unseen horror (D:11)
  11 hill giants
  An anaconda skeleton (Abyss:2)
  5 orc knights (Orc:2)
  A wolf spider zombie (D:13)
  10 deep elf archers
  A wizard (D:13)
  9 orc sorcerers
  39 deep elf magi
  3 manticores
  A griffon (D:13)
  3 cyclopes
  12 ugly things
  6 black mambas
  A smoke demon (Abyss:2)
  6 elephants
  A spiny frog (shapeshifter) (Elf:2)
  A torpor snail (Lair:3)
  4 gargoyles (Lab)
  5 centaur skeletons
  13 spiny frogs
  5 komodo dragons
  A dire elephant skeleton (Abyss:2)
  5 yaktaurs (D:15)
  An efreet (D:13)
  3 freezing wraiths
  3 rime drakes
  A hellwing (Abyss:2)
  An ancient zyme (Abyss:2)
  7 trolls
  A red devil (Abyss:2)
  A tengu conjurer (D:14)
  A jumping spider (Lair:1)
  A polar bear (Lair:6)
  3 two-headed ogres
  3 slime creatures (D:12)
  11 blink frogs
  4 small abominations (Abyss:2)
  A centaur simulacrum (D:14)
  A spriggan (shapeshifter) (Elf:1)
  3 air elementals
  6 water elementals
  5 wyverns
  2 vampires
  5 wraiths
  A ynoxinul (Abyss:2)
  A human (D:8)
  5 basilisks
  44 yaks
  Eustachio (D:4)
  10 vampire mosquitoes
  3 fire elementals
  A steam dragon (D:13)
  A neqoxec (Abyss:2)
  7 hippogriffs
  2 hungry ghosts
  4 wargs
  2 mottled dragons
  Edmund (D:4)
  22 water moccasins
  6 large abominations (Abyss:2)
  7 porcupines
  2 ice beasts
  46 orc warriors
  2 black bears (D:12)
  3 phantoms
  A sky beast (D:14)
  3 eyes of draining
  5 wolves (Lair:2)
  2 centaurs (D:7)
  14 ogres
  10 crocodiles
  3 elf zombies (Ossuary)
  4 big kobolds
  21 giant frogs
  2 gnoll sergeants
  5 earth elementals
  A water moccasin zombie (D:11)
  A scorpion (D:5)
  22 killer bees
  13 wights
  2 electric eels
  2 vampire bats (Orc:2)
  2 howler monkeys
  6 lava snakes
  6 crimson imps
  2 giant frog zombies
  5 centaur zombies
  A human zombie (Ossuary)
  3 quasits
  5 hounds
  4 jellies
  15 orc priests
  3 giant frog skeletons
  7 iguanas
  30 orc wizards
  14 worker ants
  24 sheep
  A big kobold zombie (Ossuary)
  2 hound zombies
  3 hound skeletons
  2 mummies (Ossuary)
  13 gnolls
  17 adders
  61 river rats
  6 shadow imps
  3 ufetubi (Abyss:2)
  4 oozes
  A worm (D:4)
  4 dart slugs
  6 giant geckos
  87 orcs
  18 bats
  A giant cockroach (D:1)
  7 goblins
  9 hobgoblins
  19 jackals
  27 kobolds
  4 quokkas
  4 ball pythons
  4 giant newts
  10 hobgoblin zombies (Ossuary)
  3 jackal zombies
  10 kobold zombies (Ossuary)
  8 orc zombies (Ossuary)
  A quokka skeleton (D:6)
  13 rats
  2 crawling corpses (Elf:3)
  3 fungi
  6 starspawn tentacles (Abyss:2)
1092 creatures vanquished.

Vanquished Creatures (others)
  2 gnolls (Orc:1)
  16 fungi
  17 plants
  3 starspawn tentacles (Abyss:2)
  83 starspawn tentacle segments (Abyss:2)
121 creatures vanquished.

Grand Total: 1213 creatures vanquished

Notes
Turn   | Place    | Note
-------+----------+-------------------------------------------
     0 | D:1      | Lessnames the Demigod Fighter began the quest for the Orb.
     0 | D:1      | Reached XP level 1. HP: 18/18 MP: 3/3
    19 | D:1      | Reached skill level 2 in Long Blades
   188 | D:1      | Reached XP level 2. HP: 23/25 MP: 4/4
   645 | D:2      | Found a radiant altar of Vehumet.
   697 | D:2      | Reached XP level 3. HP: 31/31 MP: 5/5
   730 | D:2      | Reached skill level 3 in Long Blades
   771 | D:2      | Found a faded altar of an unknown god.
  1371 | D:2      | Gained mutation: You expend magic power (3 MP) to strengthen your wands. [potion of mutation]
  1371 | D:2      | Gained mutation: You have large cloven feet. [potion of mutation]
  1371 | D:2      | Gained mutation: Your flesh is heat resistant. (rF+) [potion of mutation]
  1372 | D:2      | Found a glowing silver altar of Zin.
  1379 | D:2      | Reached XP level 4. HP: 35/38 MP: 6/6
  1423 | D:2      | Found a burning altar of Makhleb.
  1425 | D:2      | Found a shadowy altar of Dithmenos.
  2129 | D:3      | Reached skill level 4 in Long Blades
  2483 | D:4      | Reached XP level 5. HP: 41/46 MP: 7/7
  2504 | D:4      | Found a staircase to the Ecumenical Temple.
  2504 | D:4      | Found Qisuogh's Antique Armour Shop.
  2564 | D:4      | Noticed a phantom
  2602 | D:4      | Found a sand-covered staircase.
  2615 | Ossuary  | Entered an ossuary
  2917 | Ossuary  | Reached skill level 5 in Long Blades
  2917 | Ossuary  | Reached XP level 6. HP: 20/53 MP: 6/8
  3127 | Ossuary  | Reached skill level 5 in Fighting
  3399 | D:4      | Found an iron altar of Okawaru.
  3400 | D:4      | Noticed Edmund
  3449 | D:4      | Killed Edmund
  3449 | D:4      | Reached XP level 7. HP: 26/61 MP: 2/9
  3693 | D:4      | Reached skill level 6 in Long Blades
  3735 | D:4      | Noticed Eustachio
  3936 | D:4      | Found a snail-covered altar of Cheibriados.
  4056 | D:4      | Found an ancient bone altar of Kikubaaqudgha.
  4115 | D:4      | Killed Eustachio
  4284 | D:4      | Bought a heavily runed ring mail for 234 gold pieces
  4294 | D:4      | Identified the +3 ring mail of the Doldrums {rF+ Str+3} (You bought it in a shop on level 4 of the Dungeon)
  4317 | D:5      | Entered Level 5 of the Dungeon
  4336 | D:5      | Found a deep blue altar of Sif Muna.
  4456 | D:5      | Found Ixoig's Jewellery Emporium.
  5196 | D:5      | Found an iron altar of Okawaru.
  5270 | D:6      | Reached skill level 7 in Long Blades
  5270 | D:6      | Reached XP level 8. HP: 49/71 MP: 10/10
  5862 | D:6      | Reached skill level 8 in Long Blades
  6916 | D:7      | Reached skill level 9 in Long Blades
  6916 | D:7      | Reached XP level 9. HP: 70/80 MP: 11/11
  6917 | D:7      | Found a sparkling altar of Nemelex Xobeh.
  7912 | D:8      | Reached skill level 10 in Long Blades
  8876 | D:9      | Found Luxilud's Weapon Emporium.
  8921 | D:9      | Learned a level 1 spell: Summon Butterflies
  8962 | D:9      | Found a staircase to the Lair.
  8986 | D:9      | Reached XP level 10. HP: 85/91 MP: 13/13
  9055 | D:9      | Found a shattered altar of Ashenzari.
  9058 | D:9      | Noticed a white ugly thing
  9068 | D:9      | Killed a purple ugly thing
  9082 | D:9      | Gained mutation: You tend to lose your temper in combat. [mutagenic meat]
  9262 | D:10     | Entered Level 10 of the Dungeon
  9341 | D:10     | Reached skill level 11 in Long Blades
  9454 | D:10     | Reached skill level 10 in Fighting
 10248 | D:10     | Found a sparkling altar of Nemelex Xobeh.
 10628 | D:11     | Noticed a cyclops
 10645 | D:11     | Killed a cyclops
 10645 | D:11     | Reached skill level 12 in Long Blades
 10930 | D:11     | Noticed a hill giant
 10945 | D:11     | Killed a hill giant
 11041 | D:11     | Reached XP level 11. HP: 95/101 MP: 14/14
 11074 | D:11     | Found an iron altar of Okawaru.
 11133 | D:11     | Noticed an unseen horror
 11155 | D:11     | Killed an unseen horror
 11206 | D:11     | Found Fagac's Changing Room.
 11217 | D:11     | Bought 2 mutagenic chunks of flesh for 3 gold pieces
 11217 | D:11     | Bought a potion of mutation for 37 gold pieces
 11220 | D:11     | Gained mutation: You are partially covered in thin metallic scales. (AC +2) [mutagenic meat]
 11223 | D:11     | Gained mutation: Your flesh is very heat resistant. (rF++) [mutagenic meat]
 11223 | D:11     | Gained mutation: You are agile. (Dex +2) [potion of mutation]
 11772 | D:12     | Got a scorched lead ring
 11775 | D:12     | Found a staircase to the Orcish Mines.
 11780 | D:12     | Identified the ring "Rigast" {rCorr Dex+3} (You found it on level 12 of the Dungeon)
 12014 | D:12     | Found a roughly hewn altar of Beogh.
 12501 | D:12     | Noticed a hill giant
 12518 | D:12     | Killed a hill giant
 12518 | D:12     | Reached skill level 13 in Long Blades
 12518 | D:12     | Reached skill level 1 in Dodging
 13104 | Orc:1    | Entered Level 1 of the Orcish Mines
 13104 | Orc:1    | Noticed an orc warlord
 13306 | Lair:1   | Entered Level 1 of the Lair of Beasts
 14560 | Lair:2   | Noticed Gastronok
 14590 | Lair:2   | Noticed a six-headed hydra
 15187 | Lair:2   | Reached XP level 12. HP: 111/111 MP: 15/15
 15410 | Lair:2   | Found a staircase to the Snake Pit.
 15685 | Lair:1   | Reached skill level 14 in Long Blades
 16049 | Lair:2   | Found a radiant altar of Vehumet.
 16267 | Lair:2   | Killed Gastronok
 16437 | Lair:2   | Killed a six-headed hydra
 18188 | Lair:4   | Noticed a six-headed hydra
 18214 | Lair:4   | Killed a six-headed hydra
 18225 | Lair:4   | Found a labyrinth entrance.
 18243 | Lab      | Entered a labyrinth
 18753 | Lab      | Noticed a minotaur
 18760 | Lab      | Killed a minotaur
 18773 | Lab      | Got a wavering lead amulet
 18855 | Lair:4   | Identified the amulet "Jeyrufin" {Regen+ Dex+4} (You found it in a labyrinth)
 18986 | Lair:4   | Found a staircase to the Swamp.
 19298 | Lair:4   | Reached XP level 13. HP: 113/119 MP: 16/16
 19341 | Lair:4   | Reached skill level 5 in Dodging
 19419 | Lair:4   | Reached skill level 15 in Long Blades
 19564 | Lair:4   | You fall through a shaft for 2 floors!
 19564 | Lair:6   | Entered Level 6 of the Lair of Beasts
 19585 | Lair:6   | Reached skill level 5 in Armour
 19907 | Lair:5   | Found a viscous altar of Jiyva.
 19907 | Lair:5   | Found a staircase to the Slime Pits.
 21207 | Lair:6   | Noticed Rupert
 21213 | Lair:6   | Identified a +4 rod of ignition (9/9) (You took it off a minotaur in a labyrinth)
 21423 | Lair:6   | Paralysed by Rupert for 3 turns
 21557 | Lair:6   | Paralysed by Rupert for 3 turns
 21611 | Lair:6   | Killed Rupert
 22038 | Lair:6   | Reached XP level 14. HP: 123/129 MP: 17/17
 22042 | Lair:6   | Reached skill level 16 in Long Blades
 22168 | Lair:6   | Got a faintly humming plate armour
 22179 | Lair:6   | Identified the +9 plate armour of the Hunter {MR- rCorr Int+3} (You found it on level 6 of the Lair of Beasts)
 22517 | D:12     | Killed an orc warlord
 22607 | Orc:1    | Noticed Nergalle
 22647 | Orc:1    | Killed Nergalle
 22724 | Orc:1    | Found a roughly hewn altar of Beogh.
 22838 | Orc:2    | Entered Level 2 of the Orcish Mines
 22907 | Orc:2    | Found Ceprepn's General Store.
 22975 | Orc:2    | Bought a scroll of magic mapping for 63 gold pieces
 23038 | Orc:2    | Found Wenaz's Book Emporium.
 23100 | Orc:2    | Noticed an orc warlord
 23165 | Orc:2    | Found a staircase to the Elven Halls.
 23315 | Orc:2    | Killed an orc warlord
 23462 | Orc:2    | Found Byruge Noeh's Antique Armour Shoppe.
 23477 | Orc:2    | Bought a pair of boots for 94 gold pieces
 23566 | Orc:2    | Noticed an orc warlord
 23592 | Orc:2    | Killed an orc warlord
 24259 | Orc:2    | Found Ewalab's Antique Weapon Emporium.
 24267 | Orc:2    | Bought a brightly glowing scimitar for 252 gold pieces
 24267 | Orc:2    | Identified the +6 scimitar of Bogole {flame, *Rage Int+5} (You bought it in a shop on level 2 of the Orcish Mines)
 24880 | D:13     | Found a gate to the Vaults.
 25173 | D:13     | Reached skill level 17 in Long Blades
 25269 | D:13     | Noticed Maud
 25285 | D:13     | Killed Maud
 25337 | D:13     | Learned a level 1 spell: Apportation
 25340 | D:13     | Learned a level 2 spell: Blink
 25347 | D:13     | Learned a level 5 spell: Warp Weapon
 25539 | Orc:2    | Bought a glowing shield for 94 gold pieces
 26183 | D:14     | Reached XP level 15. HP: 138/138 MP: 18/18
 26207 | D:14     | Gained mutation: Armour fits poorly on your strangely shaped body. [mutagenic meat]
 26210 | D:14     | Gained mutation: Your mind is acute. (Int +2) [mutagenic meat]
 26213 | D:14     | Gained mutation: You are frail. (-10% HP) [mutagenic meat]
 26216 | D:14     | Gained mutation: Your system is resistant to poisons. (rPois) [mutagenic meat]
 26216 | D:14     | Lost mutation: Armour fits poorly on your strangely shaped body. [potion of mutation]
 26453 | D:14     | Gained mutation: You are resistant to hostile enchantments. (MR+) [mutagenic meat]
 26459 | D:14     | Gained mutation: You passively map a small area around you. [mutagenic meat]
 26465 | D:14     | Lost mutation: You expend magic power (3 MP) to strengthen your wands. [mutagenic meat]
 26471 | D:14     | Lost mutation: You are resistant to hostile enchantments. (MR+) [mutagenic meat]
 26477 | D:14     | Gained mutation: Armour fits poorly on your strangely shaped body. [mutagenic meat]
 26525 | D:14     | Lost mutation: Your system is resistant to poisons. (rPois) [mutagenic meat]
 26528 | D:14     | Gained mutation: You are very agile. (Dex +4) [mutagenic meat]
 26531 | D:14     | Lost mutation: You passively map a small area around you. [mutagenic meat]
 26534 | D:14     | Gained mutation: You evolve. [mutagenic meat]
 26579 | D:14     | Noticed murphy's ghost (journeyman HESk)
 26591 | D:14     | Killed murphy's ghost
 26781 | D:14     | Got a pair of shimmering gloves
 26787 | D:14     | Identified the +2 pair of gloves of Zodudygg {rF+ Int+3} (You found it on level 14 of the Dungeon)
 26994 | D:14     | Reached skill level 1 in Translocations
 27056 | D:15     | Entered Level 15 of the Dungeon
 27056 | D:15     | Noticed Urug
 27065 | D:15     | Killed Urug
 27271 | D:15     | Found Lyxzayn's General Store.
 27835 | D:15     | Reached skill level 1 in Spellcasting
 27835 | D:15     | Reached skill level 1 in Charms
 28050 | D:15     | Found a staircase to the Depths.
 28183 | D:15     | Found a burning altar of Makhleb.
 28450 | Orc:2    | Bought a book of Battle for 440 gold pieces
 28453 | Orc:2    | Learned a level 2 spell: Song of Slaying
 28457 | Orc:2    | Learned a level 3 spell: Regeneration
 28480 | Orc:2    | Bought a potion of resistance for 180 gold pieces
 28480 | Orc:2    | Bought a scroll of enchant armour for 135 gold pieces
 28480 | Orc:2    | Bought a scroll of acquirement for 936 gold pieces
 28533 | Elf:1    | Entered Level 1 of the Elven Halls
 28650 | Elf:1    | Got a faintly glowing steel amulet
 28876 | Elf:1    | Found Qopiy's Armour Emporium.
 29396 | Elf:1    | Reached skill level 1 in Necromancy
 29911 | Elf:1    | Identified the amulet of the Princess {Spirit Int+4 Slay+3 SInv Stlth-} (You found it on level 1 of the Elven Halls)
 29976 | Elf:2    | Reached skill level 10 in Dodging
 30101 | Elf:2    | Reached skill level 18 in Long Blades
 30256 | Elf:2    | Reached XP level 16. HP: 129/132 MP: 24/24
 30362 | Elf:2    | Found a runed gate.
 30362 | Elf:2    | Found a runed gate.
 30369 | Elf:2    | Found a runed gate.
 30503 | Elf:2    | Gained mutation: You are resistant to hostile enchantments. (MR+) [mutagenic meat]
 30506 | Elf:2    | Gained mutation: Your muscles are strong. (Str +2) [mutagenic meat]
 30727 | Elf:2    | Reached skill level 15 in Fighting
 31569 | Elf:3    | Entered Level 3 of the Elven Halls
 31894 | Elf:3    | Found Sadynuc's Antique Armour Boutique.
 31939 | Elf:3    | Bought a twisted ring mail for 315 gold pieces
 31949 | Elf:3    | Identified the +1 ring mail of Myen Unn {rElec rC- SInv} (You bought it in a shop on level 3 of the Elven Halls)
 32661 | Elf:3    | Noticed a deep elf master archer
 32738 | Elf:3    | Killed a deep elf master archer
 33057 | Elf:3    | Noticed a deep elf master archer
 33076 | Elf:3    | Killed a deep elf master archer
 33084 | Elf:3    | Cast into level 2 of the Abyss (a deep elf sorcerer)
 33084 | Abyss:2  | Found a corrupted altar of Lugonu.
 33219 | Abyss:2  | Found a corrupted altar of Lugonu.
 33456 | Abyss:2  | Noticed a tentacled starspawn
 33461 | Abyss:2  | Killed a tentacled starspawn
 33461 | Abyss:2  | Reached XP level 17. HP: 140/140 MP: 27/27
 33595 | Abyss:2  | Mangled by a tentacled starspawn

Vault maps used:
D:1:      matt_arrival_grand_opening
D:2:      old_standard_altar, vehumet_crystals, minitemple, ecumenical_altar_2,
          minmay_pentomino_w4
D:4:      kennysheep_slug_shrine, kiku_gazebo_garden_becter, enter_ossuary_1,
          serial_shops, shop, okawaru_trees_1, uniq_eustachio, uniq_edmund
D:5:      marbit_many_paths, nicolae_overflow_crystal_walls, first_bread,
          serial_shops, shop
D:6:      centaur_isle
D:7:      nemelex_xobeh_ov_fountains_minmay
D:8:      grunt_livestock
D:9:      due_lair_maze_entry_diamond, serial_shops, shop,
          cheibrodos_ashenzari_chains
D:10:     nemelex_diamond_rough_becter
D:11:     basic_altar, nicolae_transmutations_shop
D:12:     minmay_orc_entry_temple_small, water_maze_lemuel
D:13:     minmay_big_diamond_grid, david_vaults_1, grunt_ministairs_11,
          uniq_maud
D:14:     kennysheep_small_spiral, serial_bayou_pond_b
D:15:     grunt_enter_depths_hoard, serial_shops, nicolae_shop_window_shopping,
          minmay_misc_feat_tiny, makhleb_altar_promises_db, uniq_urug
Lair:1:   infiniplex_staircase_pool
Lair:2:   minmay_snake_entry_six_corridors, basic_altar,
          cheibrodos_lair_reptile_den, serial_bayou_shore_a, uniq_gastronok
Lair:3:   beast_lair_carwin_11
Lair:4:   minmay_swamp_entry_swarm, lab_entry_generic
Lair:5:   slime_altar_1
Lair:6:   evilmike_catoblepas_cave, st_stairs_12, uniq_rupert
Orc:1:    basic_altar, uniq_nergalle
Orc:2:    grunt_orc_gardens, grunt_orc_garden, grunt_orc_garden,
          grunt_orc_garden, grunt_orc_garden, roderic_batcave, elf_legates
Elf:1:    serial_shops, shop, orc_legates, grunt_ministairs_14
Elf:3:    grunt_elf_hall_asides, serial_shops, nicolae_shop_crystal
Abyss:2:  bh_silent_lugonu_exit
Lab:      labyrinth_spiral, nicolae_lab_garden, nicolae_lab_big_swirl,
          labyrinth_lava_lair
Ossuary:  ossuary_tomb_1

Skill      XL: |  1  2  3  4  5  6  7  8  9 10 11 12 13 14 15 16 |
---------------+-------------------------------------------------+-----
Long Blades    | 2 3 4 5 7 9 10 12 13 14 15 17 18 | 18.4
Fighting       | 3 4 5 6 7 9 10 11 12 13 14 15 | 15.4
Shields        | 3 4 |  4.3
Dodging        | 2 4 7 8 10 11 | 11.1
Armour         | 3 4 6 7 8 |  8.2
Translocations | 2 4 |  4.2
Spellcasting   | 2 4 |  4.6
Charms         | 2 4 |  4.8
Necromancy     | 1 4 |  4.8

Action                   |  1- 3 |  4- 6 |  7- 9 | 10-12 | 13-15 | 16-18 || total
-------------------------+-------+-------+-------+-------+-------+-------++-------
Melee: Long sword        |   136 |   307 |   732 |   262 |       |       ||  1437
       Kick              |     3 |   138 |   352 |   811 |   482 |       ||  1786
       Scimitar          |       |       |       |  1157 |   660 |   632 ||  2449
       Short sword       |       |       |       |    15 |    12 |       ||    27
       Great sword       |       |       |       |       |   714 |       ||   714
       Double sword      |       |       |       |       |   483 |       ||   483
Throw: Tomahawk          |       |       |     6 |       |       |       ||     6
Evoke: Wand              |       |     5 |     2 |    25 |    12 |     1 ||    45
       Rod               |       |       |       |       |     1 |       ||     1
  Use: Scroll            |     4 |     3 |     6 |    20 |    12 |     2 ||    47
       Potion            |     1 |     1 |       |     8 |     7 |     1 ||    18
 Stab: Distracted        |       |       |     1 |     2 |     1 |     1 ||     5
       Sleeping          |       |       |       |       |     2 |       ||     2
       Confused          |       |       |       |       |     2 |       ||     2
  Eat: Chunk             |     2 |     5 |    20 |    36 |    75 |    26 ||   164
       Beef jerky        |       |     1 |     1 |       |       |       ||     2
       Royal jelly       |       |       |       |     1 |     2 |       ||     3
       Fruit             |       |       |       |     2 |       |       ||     2
       Pizza             |       |       |       |     4 |       |     2 ||     6
Armor: Scale mail        |     6 |       |       |       |       |       ||     6
       Chain mail        |    49 |   152 |    51 |       |       |       ||   252
       Ring mail         |       |       |   209 |   198 |   243 |    89 ||   739
       Skin              |       |       |       |    16 |       |       ||    16
Dodge: Dodged            |    29 |    70 |   169 |   245 |   856 |   318 ||  1687
Block: Shield            |    79 |   141 |   477 |   856 |   425 |   236 ||  2214
       Reflection        |       |       |     7 |    14 |       |       ||    21
